 Dungeon Crawl Stone Soup version 0.21.1-1-g345015fe64 (webtiles) character file.

88 BrokenGlass the Digger (level 4, -7/27 HPs)
             Began as an Octopode Earth Elementalist on Mar 4, 2018.
             Mangled by a gnoll
             ... wielding a cursed +0 flail
              (9 damage)
             ... on level 2 of the Dungeon.
             The game lasted 00:02:29 (1420 turns).

BrokenGlass the Digger (OpEE)                       Turns: 1420, Time: 00:02:29

Health: -7/27      AC:  1    Str:  7    XL:     4   Next: 53%
Magic:  1/8        EV: 13    Int: 18    God:
Gold:   111        SH:  0    Dex: 12    Spells: 3/9 levels left

rFire    . . .     SeeInvis .   (no weapon)
rCold    . . .     Gourm    .   (no shield)
rNeg     . . .     Faith    .   (helmet restricted)
rPois    .         Spirit   .   (no amulet)
rElec    .         Reflect  .   (no ring)
rCorr    .         Harm     .   (no ring)
MR       .....                  (no ring)
Stlth    +++.......             (no ring)
HPRegen  0.09/turn              (no ring)
MPRegen  0.11/turn              (no ring)
                                (no ring)
                                (no ring)

@: no status effects
A: almost no armour, stealthy swim, amphibious, 8 rings, constrict 8, camouflage
1, gelatinous body 1
a: no special abilities


You were on level 2 of the Dungeon.
You were not hungry.

You visited 1 branch of the dungeon, and saw 2 of its levels.

You collected 111 gold pieces.

Inventory:

Missiles
 b - 66 stones (quivered)
 g - 7 tomahawks of dispersal
Scrolls
 a - a scroll of teleportation {unknown}
 f - a scroll of amnesia {unknown}
 i - a scroll of fog {unknown}
 j - a scroll of blinking {unknown}
 k - a scroll of enchant armour {unknown}
 l - a scroll of noise {unknown}
 m - 2 scrolls of remove curse {unknown}
 n - a scroll of fear {unknown}
Potions
 e - 2 potions of curing
 h - a potion of invisibility
 o - a potion of agility
Books
 d - a book of Geomancy

   Spells                             Type                      Level
   a - Sandblast                      Earth                        1
   b - Passwall                       Transmutation/Earth          2
   c - Stone Arrow                    Conjuration/Earth            3
   d - Petrify                        Transmutation/Earth          4
   e - Lee's Rapid Deconstruction     Earth                        5
Comestibles
 c - 5 rations
 p - 6 chunks of flesh


   Skills:
 - Level 2.0 Dodging
 - Level 2.6 Stealth
 + Level 3.3 Spellcasting
 - Level 1.0 Transmutations
 + Level 4.2 Earth Magic


You had 3 spell levels left.
You knew the following spells:

 Your Spells              Type           Power        Failure   Level  Hunger
a - Sandblast             Erth           ###...       2%          1    None
b - Passwall              Tmut/Erth      ##........   9%          2    ##.....
c - Stone Arrow           Conj/Erth      ##....       21%         3    ###....


Dungeon Overview and Level Annotations

Branches:
Dungeon (2/15)

Altars:
Cheibriados


Innate Abilities, Weirdness & Mutations

You cannot wear most types of armour.
You are very stealthy in the water. (Stealth+)
You are amphibious.
You can wear up to eight rings at the same time.
You can use your tentacles to constrict eight enemies at once.
Your skin changes colour to match your surroundings (Stealth+).
Your rubbery body absorbs attacks. (AC +1, EV +1)


Message History

You tentacle-slap the gnoll.
The gnoll is heavily wounded.
You constrict the gnoll. The gnoll hits you with a flail.
* * * LOW HITPOINT WARNING * * *
A worker ant comes into view.
Unknown command.
The worker ant twitches its antennae in your direction.
You tentacle-slap the gnoll but do no damage.
You kill the gnoll!
Unknown command.
Casting: Sandblast
Confirm with . or Enter, or press ? or * to list all spells.
Aiming: Sandblast
Press: ? - help, Shift-Dir - straight line, f - gnoll
Aim: a gnoll, wielding a flail The blast of sand misses the gnoll.
The blast of sand hits the gnoll.
The gnoll is severely wounded.
b - 66 stones The gnoll hits you with a flail!
You die...

#.#.# #.#.# ####
#########)#..
...#
#.#.........###
#..#
........#####
#..# ..#.###.#
#..# #.# #..#
#.#########..##.#
#..@gg.)a<%.....#
###########..####
#..# #..# #..#
...# ##.# .#


You could see a worker ant and 2 gnolls.

Vanquished Creatures
  2 gnolls (D:2)
  2 adders (D:2)
  A worm (D:2)
  3 dart slugs
  3 leopard geckos
  5 bats
  2 giant cockroaches (D:2)
  3 goblins (D:2)
  5 hobgoblins
  3 jackals (D:1)
  2 ball pythons (D:1)
  4 frilled lizards
  2 kobolds (D:1)
  A rat (D:1)
38 creatures vanquished.

Notes
Turn   | Place    | Note
-------+----------+-------------------------------------------
     0 | D:1      | BrokenGlass the Octopode Earth Elementalist began the quest for the Orb.
     0 | D:1      | Reached XP level 1. HP: 11/11 MP: 3/3
    53 | D:1      | Reached XP level 2. HP: 8/17 MP: 5/5
   616 | D:1      | Reached XP level 3. HP: 9/21 MP: 4/6
   845 | D:1      | Learned a level 2 spell: Passwall
   849 | D:1      | Learned a level 3 spell: Stone Arrow
   950 | D:2      | Found a snail-covered altar of Cheibriados.
  1352 | D:2      | Reached skill level 4 in Earth Magic
  1352 | D:2      | Reached XP level 4. HP: 20/27 MP: 5/8
  1420 | D:2      | Mangled by a gnoll

Skill      XL: |  1  2  3 |
---------------+----------+-----
Spellcasting   | 3 |  3.3
Earth Magic    | 4 |  4.2
Dodging        | |  2.0
Stealth        | |  2.6
Transmutations | |  1.0

Action                   |  1- 3 |  4- 6 || total
-------------------------+-------+-------++-------
Melee: Unarmed           |    95 |     9 ||   104
       Constrict         |    26 |     2 ||    28
       Tentacles         |    13 |     3 ||    16
 Cast: Sandblast         |    13 |     3 ||    16
       Stone Arrow       |     2 |     2 ||     4
  Use: Scroll            |     2 |       ||     2
       Potion            |     2 |       ||     2
 Stab: Sleeping          |     4 |     1 ||     5
  Eat: Chunk             |     2 |       ||     2
Armor: Skin              |     5 |     1 ||     6
Dodge: Dodged            |    63 |     3 ||    66
